 Dungeon Crawl Stone Soup version 0.19-a0-1127-gac58878 (console) character file.

81 flowsnake the Conjurer (level 4, 0/34 HPs)
             Began as a Draconian Conjurer on Aug 12, 2016.
             Killed by nerve-wracking pain
             ... invoked by Grinder
              (8 damage)
             ... on level 3 of the Dungeon.
             The game lasted 00:10:49 (1978 turns).

flowsnake the Conjurer (Draconian Conjurer)         Turns: 1978, Time: 00:10:50

Health: 0/34       AC:  5    Str: 10    XL:     4   Next: 19%
Magic:  0/7        EV: 11    Int: 16    God:
Gold:   98         SH:  4    Dex: 12    Spells: 3 memorised, 2 levels left

rFire  + . .     SeeInvis .     g - +0 short sword (elec)
rCold  + . .     Gourm    .     (armour unavailable)
rNeg   . . .     Faith    .     h - +1 buckler
rPois  +         Spirit   .     (helmet restricted)
rElec  +         Dismiss  .     (no cloak)
rCorr  +         Reflect  .     (no gloves)
SustAt .         Harm     .     (no boots)
MR     .....     Rnd*Tele +     (no amulet)
Stlth  ++........               (no ring)
                                i - ring of teleportation (curse)

@: resistant, very slightly contaminated
A: unfitting armour, cold-blooded, AC +5
a: no special abilities


You were on level 3 of the Dungeon.
You were hungry.

You visited 1 branch of the dungeon, and saw 3 of its levels.

You collected 98 gold pieces.

Inventory:

Hand Weapons
 g - a +0 short sword of electrocution (weapon)
 l - a +3 spear
Missiles
 m - 3 steel tomahawks (quivered)
Armour
 h - a +1 buckler (worn)
Jewellery
 i - a cursed ring of teleportation (left hand)
Scrolls
 n - a scroll of remove curse
Potions
 c - 2 potions of flight
 e - a potion of magic
 f - a potion of agility
 k - a potion of curing {unknown}
Books
 a - a book of Conjurations

   Spells                             Type                      Level
   a - Magic Dart                     Conjuration                  1
   b - Searing Ray                    Conjuration                  2
   c - Dazzling Spray                 Conjuration/Hexes            3
   d - Fulminant Prism                Conjuration/Hexes            4
   e - Iskenderun's Mystic Blast      Conjuration                  4
   f - Iskenderun's Battlesphere      Conjuration/Charms           5
Comestibles
 b - 3 bread rations


   Skills:
 + Level 0.4 Fighting
 + Level 2.1 Dodging
 + Level 2.0 Stealth
 + Level 2.5 Spellcasting
 * Level 4.9 Conjurations
 * Level 0.6 Hexes


You had 2 spell levels left.
You knew the following spells:

 Your Spells              Type           Power        Failure   Level  Hunger
a - Magic Dart            Conj           ###.         4%          1    #......
b - Searing Ray           Conj           ###...       8%          2    ##.....
c - Dazzling Spray        Conj/Hex       ##....       38%         3    ###....


Dungeon Overview and Level Annotations

Branches:
Dungeon (3/15)

Altars:
Ashenzari

Annotations:
D:2 Sigmund
D:3 Grinder


Innate Abilities, Weirdness & Mutations

Your plain brown scales are hard. (AC +5)
Your body does not fit into most forms of armour.
You are cold-blooded and may be slowed by cold attacks.


Message History

Grinder hits you!
You writhe in agony.
Casting: Searing Ray
Confirm with . or Enter, or press ? or * to list all spells.
Aiming: Magic Dart
Press: ? - help, Shift-Dir - straight line, f/p - Grinder
Aim: Grinder (heavily wounded)
The magic dart hits Grinder.
Grinder is severely wounded.
Grinder hits you!
You writhe in agony.
* * * LOW HITPOINT WARNING * * *
You hit Grinder but do no damage.
There is a sudden explosion of sparks!
Grinder is almost dead.
Grinder gestures at you. Pain shoots through your body!
* * * LOW HITPOINT WARNING * * *
You closely miss Grinder.
Grinder is almost dead.
Grinder gestures at you. Pain shoots through your body!
You die... ·········██·····█ █·█ ····)····██·███·█ █·█ ·········▲······█ █·███████ ·········██·██··█ ████·······█ ███████████·██··█ █··········█ █·███·███··········█ █···█··██··········█ ███ ███·█··██··········█ █ ··███████████·█···█████·····<████████· ·····································>███ ················)·······················█ ·················█·█····█···████ █$█ ·················█·█····█···█ █·█ ·················█·█····█···█ █5█ ·÷···············█·██████···█ █d█

·················█·█ █···█ █·█
·················█·██ █···█ █·█
·················█··█ █···█ █·█
·················██·█████··(██ █·█
·················██··········█ █·█
·················███·█████·█·███████
█·█ ·················█
█···············████·█
·················█
█···███···████·█·····█
·················█ █·····<··██
█·█·█████ ·········(····█ █·█·███··█
█·█·█···█ ··············█ █·█······█
█·█·█·█·█ ··············█
█·██·██·██████···█·█·█
·······÷······█
█·██··█·██·········█·█
··············█
█·██··█·██·█████████·█


You could see Grinder.

Vanquished Creatures
  2 gnolls (D:3)
  An adder (D:2)
  An ooze (D:1)
  A worm (D:3)
  A giant gecko (D:3)
  An orc (D:3)
  5 goblins
  4 hobgoblins
  4 jackals (D:2)
  A quokka (D:3)
  10 bats
  2 giant newts
  3 kobolds
  6 rats
42 creatures vanquished.

Notes
Turn   | Place    | Note
-------+----------+-------------------------------------------
     0 | D:1      | flowsnake the Draconian Conjurer began the quest for the Orb.
     0 | D:1      | Reached XP level 1. HP: 14/14 MP: 3/3
   274 | D:1      | Reached XP level 2. HP: 8/20 MP: 1/5
   278 | D:1      | Learned a level 2 spell: Searing Ray
  1032 | D:2      | Reached XP level 3. HP: 14/26 MP: 3/6
  1334 | D:2      | Found a shattered altar of Ashenzari.
  1406 | D:2      | Noticed Sigmund
  1421 | D:2      | Learned a level 3 spell: Dazzling Spray
  1702 | D:3      | Reached XP level 4. HP: 34/34 MP: 3/7
  1960 | D:3      | Noticed Grinder
  1978 | D:3      | Killed from afar by Grinder

Vault maps used:
D:1:      dpeg_arrival_simpleton_b
D:2:      lemuel_doored_altar, gammafunk_temple_overflow_forgotten, uniq_sigmund
D:3:      first_bread, uniq_grinder

Skill      XL: |  1  2  3  4 |
---------------+-------------+-----
Dodging        | 2 |  2.1
Stealth        | 2 |  2.0
Fighting       | |  0.4
Spellcasting   | |  2.5
Conjurations   | |  4.9
Hexes          | |  0.6

Action                   |  1- 3 |  4- 6 || total
-------------------------+-------+-------++-------
Melee: Unarmed           |    32 |       ||    32
       Tailslap          |     9 |       ||     9
       Dagger            |    12 |       ||    12
       Short sword       |    40 |     9 ||    49
 Cast: Magic Dart        |    34 |     6 ||    40
       Searing Ray       |     6 |     2 ||     8
  Use: Scroll            |    11 |     1 ||    12
       Potion            |       |     2 ||     2
 Stab: Sleeping          |     3 |       ||     3
  Eat: Chunk             |     3 |     1 ||     4
Armor: Skin              |    23 |       ||    23
Dodge: Dodged            |    56 |     3 ||    59
Block: Buckler           |     3 |     3 ||     6
